 Dungeon Crawl Stone Soup version 0.29.1-1-gd02db6906a (webtiles) character file.

Game seed: 2726586927901015929

584 MisterFreud the Twirler (level 7, -6/50 HPs)
             Began as a Formicid Gladiator on Oct 21, 2022.
             Mangled by a cyclops (27 damage)
             ... on level 7 of the Dungeon.
             The game lasted 00:05:29 (4899 turns).

MisterFreud the Twirler (Formicid Gladiator)        Turns: 4899, Time: 00:05:29

Health: -6/50      AC:  4    Str: 20    XL:     7   Next: 64%
Magic:  7/7        EV: 12    Int:  8    God:
Gold:   1257       SH:  0    Dex: 15    Spells: 6/6 levels left

rFire   . . .      SeeInvis +   l - +6 triple sword of the Eye-covered God {vorpal, rCorr}
rCold   . . .      Faith    .   (no shield)
rNeg    . . .      Spirit   .   b - +1 leather armour
rPois   .          Reflect  .   (helmet unavailable)
rElec   .          Harm     .   (no cloak)
rCorr   +          Rampage  .   (no gloves)
Will    .....                   (no boots)
Stlth   +.........              (no amulet)
HPRegen 0.16/turn               g - ring of resist corrosion
MPRegen 0.10/turn               (no ring)

@: no status effects
A: permanent stasis, dig shafts and tunnels, antennae 3, four strong arms
a: Dig, Shaft Self


You were on level 7 of the Dungeon.
You visited 1 branch of the dungeon, and saw 8 of its levels.

You collected 1257 gold pieces.

Inventory:

Hand Weapons
 a - a +1 quarterstaff
 l - the +6 triple sword of the Eye-covered God (weapon) {vorpal, rCorr}
   (You acquired it on level 7 of the Dungeon)

   It inflicts extra damage upon your enemies.
   rCorr:     It protects you from acid and corrosion.
Missiles
 c - 3 throwing nets (quivered)
 d - 4 javelins
 i - 4 atropa-tipped darts
 o - 4 boomerangs
Armour
 b - a +1 leather armour (worn)
Jewellery
 g - a ring of resist corrosion (left hand)
 m - a ring of wizardry
 p - a ring of magical power
Scrolls
 e - 2 scrolls of fear
 h - a scroll of noise {unknown}
 s - 2 scrolls of blinking {unknown}
Potions
 f - 2 potions of attraction
 j - a potion of heal wounds
 k - 3 potions of flight
 n - a potion of invisibility
 q - 2 potions of curing
 r - a potion of berserk rage


   Skills:
 - Level 2.2 Fighting
 + Level 5.4 Long Blades
 - Level 6.0 Staves
 - Level 2.0 Throwing
 - Level 2.6 Dodging


You had 6 spell levels left.
You didn't know any spells.
Your spell library contained the following spells:

 Spells                   Type           Power      Damage    Failure   Level
 Slow                     Hex            0%         N/A       45%         1
 Confusing Touch          Hex            0%         N/A       83%         3
 Vampiric Draining        Necr           0%         2d6       83%         3
 Freezing Cloud           Conj/Ice/Air   0%         6-21      100%        5
 Simulacrum               Ice/Necr       0%         N/A       100%        6
 Chain Lightning          Conj/Air       0%         N/A       100%        9
 Fire Storm               Conj/Fire      0%         5d1       100%        9
 Polar Vortex             Ice            0%         N/A       100%        9
 Shatter                  Erth           0%         3d5*      100%        9


Dungeon Overview and Level Annotations

Branches:
Dungeon (8/15)
 Temple: D:4-7         Lair: D:8-11

Altars:
Makhleb
Nemelex Xobeh
Sif Muna
Xom

Annotations:
D:3 3 runed translucent doors, Crazy Yiuf, Robin


Innate Abilities, Weirdness & Mutations

You cannot be hasted, slowed, berserked, paralysed or teleported.
You can dig through walls and to a lower floor.
You have a pair of large antennae on your head. (SInv)
Your four strong arms can wield two-handed weapons with a shield.


Message History

The white imp barely misses you.
You closely miss the orc priest. The hound bites you but does no damage.
The hound bites you. The orc priest barely misses you.
The white imp gestures at you. The puff of frost hits you!
Are you sure you want to shaft yourself?
The hound closely misses you.
The orc priest hits you but does no damage.
The white imp misses you. The orc hits you with a +0 hand axe.
* * * LOW HITPOINT WARNING * * *
The hound bites you.
* * * LOW HITPOINT WARNING * * *
You begin to dig a shaft.
You continue digging a shaft.
The hound bites you.
* * * LOW HITPOINT WARNING * * *
The white imp hits you but does no damage.
The orc closely misses you. A shaft appears beneath you!
You fall into a shaft and drop 2 floors!
The shaft crumbles and collapses.
Found 6 stones and a scroll labelled VAMOULLOFU.
You start resting.
HP restored.
Found a scroll of identify.
s - 2 scrolls labelled VAMOULLOFU (gained 1)
t - a scroll of identify
As you read the scroll of identify, it crumbles to dust.
r - a potion of berserk rage
There is a stone staircase leading up here.
You climb upwards.
There is a stone staircase leading down here.
You slash the cyclops!
The cyclops is moderately wounded.
The cyclops hits you!!
Ouch! That really hurt!
You slice the cyclops!!
The cyclops is almost dead.
The cyclops hits you!!
Ouch! That really hurt!
You die...

##.................####C........
...######............##.#####..#
#### ###########.##{# { ...#
#.##.# ...# #..#.# ...# ##.#.# #
...# #.#.# ##..
##.##################...#####....
##..............@C...<...........
.......>.......#..........#...#
#####################.......###
#### ##......## ...##### #
#######..####.# ##.....#...
.........# ## ##........#
######.## ..........# #.#
..........# #.# ######


You could see a cyclops.

Vanquished Creatures
  A sky beast (D:7)
  A black bear (D:7)
  A bullfrog (D:7)
  A necrophage (D:6)
  3 wights (D:7)
  Jessica (D:2)
  An iguana (D:7)
  3 adders
  2 worms
  2 orcs
  6 ball pythons
  A bat (D:1)
  3 endoplasms
  2 giant cockroaches
  5 hobgoblins
  6 kobolds
  2 quokkas (D:2)
  A frilled lizard (D:1)
  5 goblins
  3 rats
50 creatures vanquished.

Notes
Turn   | Place    | Note
-------+----------+-------------------------------------------
     0 | D:1      | MisterFreud the Formicid Gladiator began the quest for the
                  | Orb.
     0 | D:1      | Reached XP level 1. HP: 16/16 MP: 1/1
    97 | D:1      | Reached XP level 2. HP: 17/22 MP: 2/2
  1118 | D:1      | Identified a scroll of acquirement
  1118 | D:1      | Acquired 1005 gold pieces
  1140 | D:2      | Reached skill level 4 in Staves
  1140 | D:2      | Reached XP level 3. HP: 12/27 MP: 3/3
  2038 | D:2      | Reached XP level 4. HP: 23/33 MP: 4/4
  2221 | D:2      | Noticed Jessica
  2224 | D:2      | Killed Jessica
  2225 | D:2      | Reached skill level 5 in Staves
  2626 | D:3      | Found a faded altar of an unknown god.
  2698 | D:3      | Found a runed translucent door.
  2699 | D:3      | Noticed Crazy Yiuf
  2997 | D:3      | Found a large runed translucent door.
  2997 | D:3      | Found a large runed translucent door.
  2999 | D:3      | Found a shimmering altar of Xom.
  3088 | D:3      | Found a burning altar of Makhleb.
  3142 | D:3      | Noticed Robin
  3155 | D:3      | You fall into a shaft and drop 2 floors!
  3155 | D:5      | Entered Level 5 of the Dungeon
  3402 | D:5      | Reached XP level 5. HP: 35/38 MP: 5/5
  3528 | D:5      | You fall into a shaft and drop 2 floors!
  3598 | D:7      | Noticed a bullfrog
  3609 | D:6      | You fall into a shaft and drop 2 floors!
  3820 | D:7      | Killed a bullfrog
  3821 | D:7      | Reached skill level 6 in Staves
  3821 | D:7      | Acquired the +6 triple sword of the Eye-covered God
                  | {vorpal, rCorr}
  3910 | D:7      | Reached skill level 1 in Long Blades
  3910 | D:7      | Reached XP level 6. HP: 30/44 MP: 6/6
  4010 | D:7      | Noticed an ogre
  4034 | D:7      | Found a shimmering blue altar of Sif Muna.
  4038 | D:7      | Found a sparkling altar of Nemelex Xobeh.
  4040 | D:7      | Noticed a black bear
  4048 | D:7      | Killed a black bear
  4160 | D:7      | Reached XP level 7. HP: 20/50 MP: 7/7
  4440 | D:7      | Reached skill level 5 in Long Blades
  4529 | D:7      | Noticed a cyclops
  4554 | D:6      | HP: 2/50 [hound (5)]
  4555 | D:6      | You fall into a shaft and drop 2 floors!
  4899 | D:7      | Mangled by a cyclops

Illustrated notes

Levels and vault maps discovered:
D:1:      beargit_arrival_diablo_church, layout_basic, minmay_cupped
D:2:      layout_basic, minmay_strange_pillars, minmay_tetromino_s2,
          uniq_jessica
D:3:      due_chaos_kobolds, layout_basic, general_overflow_altar,
          basic_ecumenical_altar, minivault_25, uniq_crazy_yiuf_cottage,
          uniq_robin
D:4:      layout_rooms, chequers_temple_overflow_statue_of_worship,
          mainiacjoe_overflow_swirl, uniq_edmund, uniq_pikel
D:5:      layout_basic, serial_shops, shop_fountains
D:6:      layout_loops_cross, nicolae_ashenzari_panopticon, temple_fountains,
          hex_tiny, st_stairs_9, mrwooster_statue_mirror
D:7:      layout_rooms, grunt_temple_overflow_open, hangedman_decor_growths,
          the_hattery
D:8:      layout_basic, minmay_misc_feat_alley, corexii_corridor_pit,
          minivault_19, nicolae_diode_quadrants, uniq_joseph, uniq_psyche

Skill      XL: |  1  2  3  4  5  6  7 |
---------------+----------------------+-----
Staves         | 4 5 6 |  6.0
Long Blades    | 1 4 5 |  5.4
Fighting       | |  2.2
Throwing       | |  2.0
Dodging        | |  2.6

Action                   |  1- 3 |  4- 6 |  7- 9 || total
-------------------------+-------+-------+-------++-------
Melee: Quarterstaff      |    81 |    35 |       ||   116
       Punch             |       |     1 |     1 ||     2
       Triple sword      |       |     8 |    11 ||    19
Throw: Boomerang         |       |     1 |       ||     1
 Abil: Shaft Self        |       |     3 |     1 ||     4
  Use: Scroll            |     4 |     6 |     4 ||    14
 Stab: Sleeping          |     3 |       |       ||     3
Armor: Leather armour    |    19 |    15 |     6 ||    40
Dodge: Dodged            |    44 |    36 |    14 ||    94
